 Dungeon Crawl Stone Soup version 0.24.1-8-ga250c9d538 (webtiles) character file.

Game seed: 9895790302353129530, levelgen mode: deterministic

22 Peloso the Shield-Bearer (level 3, 29/29 HPs)
             Began as a Formicid Fighter on Apr 29, 2020.
             Got out of the dungeon alive.
             The game lasted 00:01:37 (376 turns).

Peloso the Shield-Bearer (Formicid Fighter)          Turns: 376, Time: 00:01:37

Health: 29/29      AC:  4    Str: 20    XL:     3   Next: 7%
Magic:  3/3        EV: 13    Int:  7    God:
Gold:   32         SH: 10    Dex: 16    Spells: 2/2 levels left

rFire    . . .     SeeInvis +   a - +0 long sword
rCold    . . .     Gourm    .   c - +0 shield
rNeg     . . .     Faith    +   b - +0 scale mail
rPois    .         Spirit   .   (helmet unavailable)
rElec    .         Reflect  .   (no cloak)
rCorr    .         Harm     .   (no gloves)
MR       .....                  (no boots)
Stlth    +.........             m - amulet of faith
HPRegen  0.09/turn              (no ring)
MPRegen  0.08/turn              (no ring)

@: agile
A: permanent stasis, dig shafts and tunnels, four strong arms, antennae 3,
deformed body, deterioration 1, shaggy fur 1
a: Dig, Shaft Self


You escaped.
You were not hungry.

You visited 1 branch of the dungeon, and saw 1 of its levels.

You collected 32 gold pieces.

Inventory:

Hand Weapons
 a - a +0 long sword (weapon)
Armour
 b - a +0 scale mail (worn)
 c - a +0 shield (worn)
Jewellery
 e - a +3 ring of evasion {unknown}
 m - an amulet of faith (around neck)
Scrolls
 h - a scroll of noise {unknown}
 i - a scroll of amnesia {unknown}
 j - a scroll of identify {unknown}
Potions
 d - 2 potions of might
Comestibles
 f - a ration


   Skills:
 + Level 3.6 Fighting
 + Level 2.2 Long Blades
 + Level 3.6 Armour
 + Level 0.2 Dodging
 + Level 4.0 Shields


You had 2 spell levels left.
You didn't know any spells.
Your spell library was empty.

Dungeon Overview and Level Annotations

Branches:
Dungeon (1/15)

Altars:


Innate Abilities, Weirdness & Mutations

You cannot be hasted, slowed, berserked, paralysed or teleported.
You can dig through walls and to a lower floor.
Your four strong arms can wield two-handed weapons with a shield.
You have a pair of large antennae on your head. (SInv)
Armour fits poorly on your strangely shaped body.
Your body sometimes deteriorates upon taking damage.
You are covered in fur. (AC +1)


Message History

m - an amulet of faith (around neck)
Okay, then.
It was a potion of agility.
You feel agile all of a sudden.
It was a potion of curing.
You feel better.
It was a potion of mutation.
You feel extremely strange.
Your body twists and deforms.
You feel yourself wasting away. Fur sprouts all over your body.
Found 17 gold pieces.
(D) Dungeon
Where to? (? - help)
What level of the Dungeon? (default 1, ? - help)
You see here a helmet.
You see here a hobgoblin corpse.
You see here a hobgoblin corpse.
You open the door.
There is an open door here.
There is a staircase leading out of the dungeon here.
Are you sure you want to leave the Dungeon?
This will make you lose the game!
You have escaped!

#.# #.#########.....# #.#
#..............## #.#
################ #.#
#.#########
###.........############
#....#####...÷).........
#.##.#...#.#####.#.#####
#.##('.@.'.# #.#.#####
#.####...#######.#......
#.##########.....#######
#†.^.............##.....
######†.##....###.###.##.####
#.....[†#.....###.###.##.# #
#.....................##.#
#..###.##.....#######.##.# #.
#.###...## #.##.#


There were no monsters in sight!

Vanquished Creatures
  A dart slug (D:1)
  3 bats (D:1)
  2 goblins (D:1)
  5 hobgoblins (D:1)
  A ball python (D:1)
  4 frilled lizards (D:1)
  2 kobolds (D:1)
  2 rats (D:1)
20 creatures vanquished.

Notes
Turn   | Place    | Note
-------+----------+-------------------------------------------
     0 | D:1      | Peloso the Formicid Fighter began the quest for the Orb.
     0 | D:1      | Reached XP level 1. HP: 18/18 MP: 1/1
   108 | D:1      | Reached XP level 2. HP: 14/24 MP: 2/2
   329 | D:1      | Reached skill level 4 in Shields
   329 | D:1      | Reached XP level 3. HP: 29/29 MP: 3/3
   345 | D:1      | Gained mutation: Armour fits poorly on your strangely
                  | shaped body. [potion of mutation]
   345 | D:1      | Gained mutation: Your body sometimes deteriorates upon
                  | taking damage. [potion of mutation]
   345 | D:1      | Gained mutation: You are covered in fur. (AC +1) [potion of
                  | mutation]
   376 | D:$      | Got out of the dungeon alive.

Levels and vault maps discovered:
D:1:      dpeg_arrival_tiny_f, layout_loops_ring, minmay_fountain_box

Skill      XL: |  1  2 |
---------------+-------+-----
Shields        | 4 |  4.0
Fighting       | |  3.6
Long Blades    | |  2.2
Armour         | |  3.6
Dodging        | |  0.2

Action                   || total
-------------------------++-------
Melee: Long sword        ||    60
  Use: Potion            ||     3
Armor: Scale mail        ||    38
Dodge: Dodged            ||    29
Block: Shield            ||    43
       Rpst.: Long sword ||     9
